 Dungeon Crawl Stone Soup version 0.29.0-4-gdea44cf6ec (webtiles) character file.

Game seed: 2863456913125792102

16 qw the Chopper (level 2, 0/24 HPs)
             Began as a Barachi Chaos Knight on Sept 5, 2022.
             Slain by a jackal (3 damage)
             ... on level 1 of the Dungeon.
             The game lasted 00:00:19 (910 turns).

qw the Chopper (Barachi Chaos Knight)                Turns: 910, Time: 00:00:19

Health: 0/24       AC:  5    Str: 13    XL:     2   Next: 58%
Magic:  2/2        EV: 11    Int: 12    God:
Gold:   30         SH:  0    Dex: 11    Spells: 1/1 levels left

rFire   . . .      SeeInvis .   a - +0 hand axe (chaos)
rCold   . . .      Faith    .   (no shield)
rNeg    . . .      Spirit   .   b - +2 leather armour
rPois   .          Reflect  .   (no helmet)
rElec   .          Harm     .   (no cloak)
rCorr   .          Rampage  .   (no gloves)
Will    .....                   (no boots)
Stlth   +.........              (no amulet)
HPRegen 0.08/turn               (no ring)
MPRegen 0.08/turn               (no ring)

@: slow
A: amphibious, slowness 1, strong legs 1, +LOS, inability to drink after injury
1
a: Hop


You were on level 1 of the Dungeon.
You visited 1 branch of the dungeon, and saw 1 of its levels.

You collected 30 gold pieces.


Innate Abilities, Weirdness & Mutations

You are amphibious.
You cover ground slowly.
You can hop short distances.
You have an extended range of vision and can be seen from far away.
You occasionally lose the ability to drink potions when taking damage.


   Skills:
 - Level 3.6 Fighting
 + Level 4.2 Axes
 - Level 2.4 Armour
 - Level 1.1 Dodging


You had one spell level left.
You didn't know any spells.
Your spell library was empty.

Inventory:

Hand Weapons
 a - a +0 hand axe of chaos (weapon)
Armour
 b - a +2 leather armour (worn)
 d - a +0 plate armour
Scrolls
 e - a scroll of silence {unknown}
Potions
 f - a potion of might {unknown}
 g - a potion of flight {unknown}
Miscellaneous
 c - a piece from Xom's chessboard (15/15)

Dungeon Overview and Level Annotations

Branches:
Dungeon (1/15)

Altars:


Message History

The jackal bites you but does no damage.
The jackal barely misses you.
You barely miss the jackal.
The jackal bites you but does no damage.
You hit the jackal but do no damage. The jackal barely misses you.
The jackal bites you.
You closely miss the jackal. The jackal bites you.
The jackal barely misses you.
You hit the jackal but do no damage.
The jackal bites you but does no damage.
You barely miss the jackal. The jackal barely misses you. x2
You hit the jackal but do no damage.
The jackal flickers and vanishes!
Deactivating autopickup; reactivate with Ctrl-A.
Something bites you but does no damage.
You barely miss something. Something bites you. x2
You hit something.
Nothing appears to happen.
Something bites you but does no damage.
You miss something. Something bites you.
Something bites you but does no damage.
You hit something but do no damage. Something bites you but does no damage.
Xom's power brushes against you for a moment.
Your body is suffused with distortional energy.
You occasionally lose the ability to drink potions when taking damage.
You hit something but do no damage.
Nothing appears to happen.
Something bites you but does no damage. Something bites you.
You miss something. Something bites you.
You miss something. Something bites you but does no damage.
Something completely misses you.
You miss something.
Something bites you but does no damage. x2
You hit something but do no damage. Something bites you but does no damage.
You miss something. Something bites you.
You die... "I guess I need a new plaything now."

#.#%##.#............#
#...........#######.#
###.##.>...####
#..#####..)#8## #.##
#.#....## #.
#.#.....### #.
#.#......8# #.
#.###.....## #. #.
#8@....# #. #.
###{....# ..
##....... #8.......
#.........
.....#8###8 ....####
....##


There were no monsters in sight!

Vanquished Creatures
  2 endoplasms (D:1)
  A giant cockroach (D:1)
  A goblin (D:1)
  A hobgoblin (D:1)
  5 jackals (D:1)
  A quokka (D:1)
  2 frilled lizards (D:1)
13 creatures vanquished.

Notes
Turn   | Place    | Note
-------+----------+-------------------------------------------
     0 | D:1      | qw the Barachi Chaos Knight began the quest for the Orb.
     0 | D:1      | Reached XP level 1. HP: 18/18 MP: 1/1
     0 | D:1      | 0 ||| qw: Version: 0.1-a-104-g96f76f8
     0 | D:1      | 0 ||| qw: Game counter: 5972
     0 | D:1      | 0 ||| qw: Always use a shield: true
     0 | D:1      | 0 ||| qw: God list: Okawaru
     0 | D:1      | 0 ||| qw: Allow faded altars: false
     0 | D:1      | 0 ||| qw: Do Orc after D:15 true
     0 | D:1      | 0 ||| qw: Do second Lair branch before Depths: true
     0 | D:1      | 0 ||| qw: Lair rune preference: random
     0 | D:1      | 0 ||| qw: Plans: Normal
     0 | D:1      | 0 ||| PLANNING D:1-11
     0 | D:1      | Fell from the grace of Xom
   121 | D:1      | XOM: torment (10/18 hp)
   282 | D:1      | HP: 4/18 [frilled lizard (3)]
   653 | D:1      | Found a faded altar of an unknown god.
   810 | D:1      | Reached XP level 2. HP: 24/24 MP: 2/2
   824 | D:1      | XOM: fog
   828 | D:1      | Reached skill level 4 in Axes
   868 | D:1      | 868 ||| Stepping ~*~*~tactically~*~*~ (stealth).
   869 | D:1      | 869 ||| Stepping ~*~*~tactically~*~*~ (stealth).
   875 | D:1      | 875 ||| Stepping ~*~*~tactically~*~*~ (stealth).
   904 | D:1      | XOM: give mutation
   904 | D:1      | Gained mutation: You occasionally lose the ability to drink
                  | potions when taking damage. [Xom's mischief]
   905 | D:1      | HP: 6/24 [something (2)]
   910 | D:1      | Slain by a jackal

Levels and vault maps discovered:
D:1:      dpeg_arrival_circle_labyrinth_b, layout_loops_ring,
          hellmonk_ecumenical_altar_pennies_from_heaven, chequers_hall_statues_y

Skill      XL: |  1  2 |
---------------+-------+-----
Axes           | 4 |  4.2
Fighting       | |  3.6
Armour         | |  2.4
Dodging        | |  1.1

Action                   || total
-------------------------++-------
Melee: Hand axe          ||    64
       Punch             ||     1
Invok: Renounce Religion ||     1
Armor: Leather armour    ||    21
Dodge: Dodged            ||    22

Table legend:
 A = Non-vault XP
 B = Vault XP
 C = Vault XP percentage of total XP
 D = Non-vault monster count
 E = Vault monster count
 F = Vault count percentage of total count
                 A         B        C        D         E       F
            +---------+---------+-------+---------+---------+-------
      Total |      24 |       0 |   0.0 |      13 |       0 |   0.0
            +---------+---------+-------+---------+---------+-------
        D:1 |      24 |       0 |   0.0 |      13 |       0 |   0.0
            +---------+---------+-------+---------+---------+-------
